 Dungeon Crawl Stone Soup version 0.16.2-12-gd0ad4c3 (webtiles) character file.

40269 Iehaaru the Bludgeoner (level 14, 0/124 HPs)
             Began as a Hill Orc Fighter on Sept 24, 2015.
             Was the Champion of Qazlal.
             Slain by a death yak (8 damage)
             ... on level 8 of the Lair of Beasts on Oct 2, 2015.
             The game lasted 01:46:09 (17956 turns).

Iehaaru the Bludgeoner (Hill Orc Fighter)          Turns: 17956, Time: 01:46:09

Health: 0/124      AC: 28    Str: 24    XL:     14   Next: 10%
Magic:  14/14      EV: 10    Int:  8    God:    Qazlal [******]
Gold:   851        SH: 22    Dex: 10    Spells: 0 memorised, 13 levels left

rFire  + . .     SeeInvis .     P - +3 whip (elec)
rCold  . . .     Clarity  .     O - +3 scale mail {rPois}
rNeg   . . .     SustAb   .     c - +0 shield
rPois  +         Gourm    .     X - +2 helmet
rElec  .         Spirit   .     (no cloak)
rCorr  .         Warding  .     y - +2 pair of gloves
rMut   .         Stasis   .     (no boots)
MR     +....                    (no amulet)
Stlth  ..........               h - ring of Robustness {AC+8}
                                i - ring of protection from fire

@: exhausted, protected from physical damage, slowed, repel missiles, very slow,
somewhat resistant to hostile enchantments, extremely unstealthy
A: no striking features
a: Upheaval, Elemental Force, Disaster Area, Renounce Religion


You were on level 8 of the Lair of Beasts.
You worshipped Qazlal.
Qazlal was exalted by your worship.
You were very hungry.

You visited 3 branches of the dungeon, and saw 18 of its levels.

You collected 851 gold pieces.

Inventory:

Hand weapons
 P - a +3 whip of electrocution (weapon)
Armour
 c - a +0 shield (worn)
 j - a +2 buckler
 y - a +2 pair of gloves (worn)
 O - a +3 scale mail of poison resistance (worn)
 X - a +2 helmet (worn)
Rods
 V - a -2 rod of clouds (11/11)
   (You found it on level 9 of the Dungeon)
Jewellery
 h - the ring of Robustness (right hand) {AC+8}
   (You found it on level 6 of the Dungeon)

   [ring of protection]

   It affects your AC (+8).
 i - a ring of protection from fire (left hand)
 s - an uncursed ring of protection from magic {unknown}
Magical devices
 m - a wand of digging (0)
 t - a wand of polymorph (9)
 z - a wand of teleportation (2)
 M - a wand of digging (18)
 W - a wand of frost (23)
Scrolls
 a - a scroll of silence {unknown}
 b - 3 scrolls of amnesia {unknown}
 e - a scroll of acquirement {unknown}
 f - 2 scrolls of teleportation
 l - 2 scrolls of vulnerability {unknown}
 n - a scroll of torment {unknown}
 o - 4 scrolls of identify
 r - 2 scrolls of enchant weapon
 w - a scroll of blinking
 A - a scroll of summoning {unknown}
 Q - 5 scrolls of remove curse
Potions
 p - 4 potions of curing
 u - a potion of resistance {unknown}
 C - a potion of restore abilities
 E - a potion of mutation {unknown}
Comestibles
 d - 6 meat rations
 g - 3 fruits
 q - 8 bread rations
 v - 5 beef jerkies
 R - a royal jelly


   Skills:
 + Level 11.2 Fighting
 + Level 16.2 Maces & Flails
 + Level 7.1 Armour
 - Level 15.9 Shields


You had 13 spell levels left.
You didn't know any spells.

Dungeon Overview and Level Annotations

Branches:
Dungeon (9/15)             Temple (1/1) D:5            Lair (8/8) D:9
 Shoals (0/5) Lair:5        Snake (0/5) Lair:4        Slime (0/6) Lair:6
    Orc (0/4) D:9

Altars:
Ashenzari
Cheibriados
Dithmenos
Elyvilon
Fedhas
Gozag
Kikubaaqudgha
Makhleb
Nemelex Xobeh
Okawaru
Qazlal
Ru
Sif Muna
Trog
Vehumet
Xom
Yredelemnul
Zin
The Shining One

Shops:
D:8 =

Annotations:
D:4 Iehaaru's ghost, average HOFi
D:5 Menkaure
Lair:4 exclusion: ice statue


Message History

The plant is engulfed in freezing vapours.
The water moccasin bites you but does no damage.
You block the water moccasin's attack.
The plant is engulfed in freezing vapours.
The fungus is struck by lightning.
You destroy the fungus!
You block the water moccasin's attack. x2
The water moccasin bites you but does no damage.
You hear a bark!
You block the water moccasin's attack. x2
The death yak gores you!
* * * LOW HITPOINT WARNING * * *
You block the water moccasin's attack.
You hear a bark! x3
The death yak is engulfed in roaring flames.
You block the water moccasin's attack. You block the water moccasin's attack.
The death yak is engulfed in freezing vapours.
The death yak gores you!
You die...

..P....... ..............
.............P..
..................
....................
....P.............. .
#.#...§.§...P...# # ...
#.P.§Y§S...P.###.. $...##
#..§@S.Y.§.###..... ......#
#..†§Y..##.P......#
......P##..§§§..#.S.P....##..
#.....§§#†......##......##...
#P.......#.....###.Y...##...#
#.......#......# ##†.###....#
###....P#....### #Y###Y...##
#....PPP....# ##†..S...#.
###...PP...## ##.Y.PP##P


You could see 3 death yaks, a water moccasin and an adder.

Vanquished Creatures
  The ghost of nivlat the Fighter, a powerful HuFi (Lair:1)
  2 catoblepae
  8 hydras
  6 death yaks (Lair:8)
  Erolcha (D:9)
  A hill giant (D:8)
  A necromancer (Lair:4)
  A manticore (Lair:5)
  3 griffons
  3 elephants (Lair:6)
  7 black mambas
  A torpor snail (Lair:5)
  6 spiny frogs
  8 komodo dragons
  A blue devil (Lair:4)
  2 fire drakes
  3 polar bears
  A troll (D:9)
  9 blink frogs
  A slime creature (Lair:6)
  A boulder beetle (Lair:6)
  A basilisk (Lair:7)
  16 yaks
  A human (D:7)
  A wyvern (D:9)
  4 hippogriffs
  13 wolves
  13 water moccasins
  2 nagas (Lair:4)
  8 ice beasts
  6 porcupines
  4 black bears
  2 spiders (Lair:8)
  4 sky beasts
  An elephant zombie (Lair:4)
  2 ogres
  4 orc warriors
  An eye of draining (D:9)
  2 boring beetles
  9 centaurs
  The ghost of AdnanSaban the Insei, an average GrMo of Ru (D:3)
  A komodo dragon zombie (Lair:4)
  13 crocodiles
  Blork the orc (D:8)
  11 giant frogs
  2 scorpions
  10 wights
  5 electric eels
  6 crimson imps
  2 centaur zombies
  16 hounds
  3 goliath beetles
  A centaur skeleton (D:4)
  5 orc priests
  4 jellies
  4 orc wizards
  17 sheep
  8 worker ants
  7 hell rats (Lair:5)
  17 iguanas
  Ijyb (D:6)
  Jessica (D:2)
  2 hound skeletons
  A worker ant zombie (D:7)
  Terence (D:2)
  2 mummies
  20 adders
  19 river rats
  4 shadow imps
  A white imp (Lair:4)
  A worm (D:4)
  2 adder zombies
  3 adder skeletons
  2 giant geckos
  48 orcs
  2 ball pythons (D:4)
  17 bats
  3 bat skeletons
  A bat zombie (D:5)
  8 giant cockroaches
  11 goblins
  15 hobgoblins
  12 quokkas
  A ball python skeleton (D:4)
  A giant gecko skeleton (D:4)
  7 giant newts
  8 jackals
  A jackal skeleton (D:6)
  18 kobolds
  11 rats
  4 ballistomycetes
  3 bushes
  A butterfly (Lair:5)
  41 fungi
  32 plants
600 creatures vanquished.

Vanquished Creatures (others)
  2 giant spores
  2 bushes (Lair:2)
  10 fungi
  11 plants
25 creatures vanquished.

Grand Total: 625 creatures vanquished

Notes
Turn   | Place    | Note
--------------------------------------------------------------
     0 | D:1      | Iehaaru, the Hill Orc Fighter, began the quest for the Orb.
     0 | D:1      | Reached XP level 1. HP: 19/19 MP: 1/1
   177 | D:1      | Reached XP level 2. HP: 23/26 MP: 2/2
   431 | D:1      | Reached XP level 3. HP: 31/31 MP: 3/3
   701 | D:2      | Reached skill level 4 in Maces & Flails
   776 | D:2      | Noticed Jessica
   784 | D:2      | Killed Jessica
   784 | D:2      | Reached XP level 4. HP: 36/39 MP: 4/4
   829 | D:2      | Reached skill level 5 in Maces & Flails
  1072 | D:2      | Found a shadowy altar of Dithmenos.
  1093 | D:2      | Noticed Terence
  1106 | D:2      | Killed Terence
  1237 | D:3      | Noticed AdnanSaban's ghost (average GrMo)
  1247 | D:3      | Killed AdnanSaban's ghost
  1247 | D:3      | Reached skill level 6 in Maces & Flails
  1247 | D:3      | Reached XP level 5. HP: 36/45 MP: 5/5
  1672 | D:4      | Reached XP level 6. HP: 45/51 MP: 6/6
  1811 | D:4      | Reached skill level 7 in Maces & Flails
  2662 | D:4      | Reached skill level 8 in Maces & Flails
  2662 | D:4      | Reached XP level 7. HP: 57/57 MP: 7/7
  2908 | D:4      | Noticed Iehaaru's ghost (average HOFi)
  2994 | D:5      | Entered Level 5 of the Dungeon
  3202 | D:5      | Found a shimmering altar of Xom.
  3540 | D:5      | Noticed Menkaure
  4335 | D:6      | Reached skill level 9 in Maces & Flails
  4994 | D:6      | Reached XP level 8. HP: 64/64 MP: 8/8
  5089 | D:6      | Noticed Ijyb
  5096 | D:6      | Killed Ijyb
  5096 | D:6      | Reached skill level 10 in Maces & Flails
  5220 | D:5      | Found a deep blue altar of Sif Muna.
  5304 | D:5      | Found a staircase to the Ecumenical Temple.
  5571 | Temple   | Entered the Ecumenical Temple
  5645 | Temple   | Became a worshipper of Qazlal Stormbringer
  5762 | D:7      | Reached skill level 11 in Maces & Flails
  5906 | D:7      | Found a basalt altar of Yredelemnul.
  5913 | D:7      | Found a shimmering altar of Xom.
  5920 | D:7      | Found a bloodstained altar of Trog.
  6053 | D:7      | Reached skill level 12 in Maces & Flails
  6053 | D:7      | Reached XP level 9. HP: 65/70 MP: 9/9
  6373 | D:7      | Found a sacrificial altar of Ru.
  6386 | D:7      | Acquired Qazlal's first power
  6740 | D:7      | Found a sparkling altar of Nemelex Xobeh.
  6740 | D:7      | Found an ancient bone altar of Kikubaaqudgha.
  6743 | D:7      | Reached skill level 5 in Fighting
  7058 | D:7      | Reached skill level 13 in Maces & Flails
  7457 | D:8      | Noticed a hill giant
  7473 | D:8      | Killed a hill giant
  7581 | D:8      | Noticed Blork the orc
  7588 | D:8      | Killed Blork the orc
  7650 | D:8      | Reached XP level 10. HP: 80/84 MP: 10/10
  7758 | D:8      | Found Vept's Jewellery Shoppe.
  7882 | D:8      | Reached skill level 14 in Maces & Flails
  8025 | D:8      | Acquired Qazlal's second power
  8563 | D:9      | Found a staircase to the Lair.
  9033 | D:9      | Found a staircase to the Orcish Mines.
  9206 | D:9      | Acquired Qazlal's third power
  9664 | D:9      | Noticed Erolcha
  9675 | D:9      | Killed Erolcha
  9675 | D:9      | Reached skill level 15 in Maces & Flails
  9910 | D:9      | Found a burning altar of Makhleb.
  9911 | D:9      | Found a radiant altar of Vehumet.
 10060 | Lair:1   | Entered Level 1 of the Lair of Beasts
 10071 | Lair:1   | Reached XP level 11. HP: 97/97 MP: 11/11
 10118 | Lair:1   | Noticed a six-headed hydra
 10132 | Lair:1   | Killed a six-headed hydra
 10517 | Lair:1   | Noticed a seven-headed hydra
 10519 | Lair:1   | Noticed a seven-headed hydra
 10531 | Lair:1   | Noticed nivlat's ghost (powerful HuFi)
 10564 | Lair:2   | Found a labyrinth entrance.
 10576 | Lair:2   | Acquired Qazlal's fourth power
 11007 | Lair:2   | Killed a seven-headed hydra
 11588 | Lair:3   | Reached skill level 10 in Shields
 11761 | Lair:3   | Acquired Qazlal's fifth power
 12445 | Lair:4   | Reached XP level 12. HP: 100/104 MP: 12/12
 12629 | Lair:4   | Noticed an ice statue
 12779 | Lair:4   | Noticed a four-headed hydra
 12808 | Lair:4   | Killed a four-headed hydra
 13258 | Lair:4   | Found a staircase to the Snake Pit.
 13371 | Lair:4   | Noticed a necromancer
 13395 | Lair:4   | Killed a necromancer
 13694 | Lair:5   | Noticed a four-headed hydra
 13703 | Lair:5   | Killed a four-headed hydra
 14141 | Lair:5   | Noticed a five-headed hydra
 14188 | Lair:5   | Killed a five-headed hydra
 14268 | Lair:5   | Found a glowing golden altar of the Shining One.
 14292 | Lair:5   | Noticed a six-headed hydra
 14294 | Lair:5   | Found a staircase to the Shoals.
 14305 | Lair:6   | Noticed a catoblepas
 14357 | Lair:5   | Killed a six-headed hydra
 14364 | Lair:5   | Reached skill level 15 in Shields
 14364 | Lair:5   | Reached XP level 13. HP: 41/111 MP: 13/13
 14808 | Lair:1   | Killed nivlat's ghost
 14828 | Lair:1   | Noticed a four-headed hydra
 14838 | Lair:1   | Killed a four-headed hydra
 15015 | Lair:2   | Killed a seven-headed hydra
 15818 | Lair:6   | Killed a catoblepas
 16419 | Lair:6   | Found a staircase to the Slime Pits.
 16660 | Lair:6   | Reached skill level 5 in Armour
 16916 | Lair:7   | Reached skill level 10 in Fighting
 17745 | Lair:8   | Entered Level 8 of the Lair of Beasts
 17840 | Lair:8   | Reached skill level 16 in Maces & Flails
 17894 | Lair:8   | Reached XP level 14. HP: 75/124 MP: 14/14
 17956 | Lair:8   | Slain by a death yak

Action                   |  1- 3 |  4- 6 |  7- 9 | 10-12 | 13-15 || total
-------------------------+-------+-------+-------+-------+-------++-------
Melee: Flail             |    89 |    97 |       |   273 |       ||   459
       Mace              |       |   120 |   438 |    71 |       ||   629
       Whip              |       |       |       |   788 |   568 ||  1356
Evoke: Wand              |       |       |    11 |    11 |     2 ||    24
  Use: Potion            |       |     1 |     6 |     5 |     2 ||    14
       Scroll            |       |     1 |     7 |     4 |     3 ||    15
  Eat: Chunk             |       |     6 |     3 |    13 |     7 ||    29
       Bread ration      |       |       |     2 |       |       ||     2
       Pizza             |       |       |     3 |     6 |       ||     9
       Fruit             |       |       |       |     4 |     1 ||     5
